 Dungeon Crawl Stone Soup version 0.31.0-11-ge490571c62 (webtiles) character file.

Game seed: 11392585789255657205

39 qw the Shooter (level 3, -3/20 HPs)
             Began as a Deep Elf Hunter on Feb 4, 2024.
             Killed from afar by Sigmund (5 damage)
             ... with a magic dart
             ... on level 2 of the Dungeon.
             The game lasted 00:00:04 (1124 turns).

qw the Shooter (Deep Elf Hunter)                    Turns: 1124, Time: 00:00:04

Health: -3/20      AC:  3    Str: 10    XL:     3   Next: 26%
Magic:  5/5        EV: 12    Int: 13    God:
Gold:   2          SH:  0    Dex: 18    Spells: 2/2 levels left

rFire   . . .        a - +0 shortbow
rCold   . . .        (shield currently unavailable)
rNeg    . . .        c - +0 leather armour
rPois   .            (no helmet)
rElec   .            (no cloak)
rCorr   .            (no gloves)
SInv    .            (no boots)
Will    .....        (no amulet)
Stlth   ++           (no ring)
HPRegen 0.23/turn    (no ring)
MPRegen 0.09/turn

%: no passive effects
@: no status effects
A: no striking features
a: no special abilities


You were on level 2 of the Dungeon.
You visited 1 branch of the dungeon, and saw 2 of its levels.

You collected 87 gold pieces.
You spent 85 gold pieces at shops.


   Skills:
 - Level 1.5 Fighting
 + Level 6.8 Ranged Weapons
 - Level 2.4 Dodging
 - Level 1.2 Stealth


You had 2 spell levels left.
You didn't know any spells.
Your spell library was empty.

Inventory:

Hand Weapons
 a - a +0 shortbow (weapon)
Armour
 c - a +0 leather armour (worn)
Scrolls
 e - 2 scrolls of identify
 j - a scroll of teleportation
Potions
 b - 2 potions of attraction {unknown}
 d - a potion of ambrosia {unknown}
 f - 2 potions of curing
 g - a potion of mutation

Dungeon Overview and Level Annotations

Branches:
Dungeon (2/15)

Altars:

Shops:
D:2 (*

Annotations:
D:2 Sigmund


Message History

You see here a +0 robe.
e - 2 scrolls of identify (gained 1) Sigmund the Dreaded comes into view.
He is wielding a +0 scythe and wearing a +2 robe of fire resistance.
Found two daggers.
Enter note:
Enter note:
Enter note: You shoot an arrow.
The arrow closely misses Sigmund.
Sigmund gestures at you while chanting. The magic dart hits you.
You shoot an arrow. The arrow closely misses Sigmund.
Sigmund points at you and mumbles some strange words.
You are confused.
1114 ||| DRINKING 3 potions of curing.
You feel better.
1114 ||| (to cure confusion) Sigmund mumbles some strange words.
Sigmund flickers and vanishes!
Deactivating autopickup; reactivate with Ctrl-A.
You shoot an arrow.
A giant cockroach comes into view.
You shoot an arrow. The arrow hits the giant cockroach!
You kill the giant cockroach!
You shoot an arrow.
A puff of flame appears from out of thin air!
The puff of flame misses you.
You shoot an arrow.
A magic dart appears from out of thin air!
The magic dart hits you.
You shoot an arrow. You shoot an arrow. Something barely misses you.
You shoot an arrow. You shoot an arrow. Something hits you.
You shoot an arrow. Something hits you!
You shoot an arrow.
A magic dart appears from out of thin air!
The magic dart hits you.
You die...

##................
####................
#...#...............
#...#...............
#...##..............
#...##..........####
#...##.......... .
#...##....... ##
#..@........ .
###........ .
#.{...... #........
#........ #........
#...$.... #.....)%)


There were no monsters in sight!

Vanquished Creatures
  A dart slug (D:1)
  4 ball pythons
  3 endoplasms (D:1)
  6 giant cockroaches
  A goblin (D:1)
  5 hobgoblins (D:1)
  3 kobolds (D:1)
  2 quokkas (D:1)
  2 bats (D:1)
  4 frilled lizards
  2 rats (D:1)
33 creatures vanquished.

Notes
Turn   | Place    | Note
-------+----------+-------------------------------------------
     0 | D:1      | qw the Deep Elf Hunter began the quest for the Orb.
     0 | D:1      | Reached XP level 1. HP: 12/12 MP: 3/3
     0 | D:1      | 0 ||| qw: Version: 0.3-a-160-g6735b56
     0 | D:1      | 0 ||| qw: Game counter: 4713
     0 | D:1      | 0 ||| qw: Melee chars always use a shield: true
     0 | D:1      | 0 ||| qw: God list: Okawaru
     0 | D:1      | 0 ||| qw: Allow faded altars: false
     0 | D:1      | 0 ||| qw: Do Orc after clearing Dungeon:15 true
     0 | D:1      | 0 ||| qw: Do second Lair branch before Depths: true
     0 | D:1      | 0 ||| qw: Lair rune preference: random
     0 | D:1      | 0 ||| qw: Goals: Normal
     0 | D:1      | 0 ||| PLANNING D:1-11
   205 | D:1      | Reached XP level 2. HP: 15/16 MP: 4/4
   255 | D:1      | Reached skill level 6 in Ranged Weapons
   612 | D:1      | Found a faded altar of an unknown god.
   612 | D:1      | Noticed a Tzitzimitl
   613 | D:1      | 613 ||| DROPPING amulet of magic regeneration.
   614 | D:1      | 614 ||| READING scroll labelled NEINGA BUNYLYA.
   614 | D:1      | 614 ||| IDENTIFYING sedimented amethyst potion
   615 | D:1      | 615 ||| READING scroll labelled TEJ GANAGARGH.
   617 | D:1      | 617 ||| READING scroll labelled FEUROS QU YNAH.
   618 | D:1      | 618 ||| READING 2 scrolls labelled GOGRANUIGE.
   637 | D:1      | Reached XP level 3. HP: 20/20 MP: 5/5
   952 | D:1      | 952 ||| DRINKING 3 cyan potions.
   953 | D:1      | 953 ||| DROPPING scroll of butterflies.
  1012 | D:2      | Found Rojoh's Assorted Antiques.
  1018 | D:2      | 1018 ||| BUYING 2 sedimented silvery potions (27 gold).
  1018 | D:2      | Bought 2 sedimented silvery potions for 27 gold pieces
  1018 | D:2      | 1018 ||| BUYING glowing brown potion (13 gold).
  1018 | D:2      | Bought a glowing brown potion for 13 gold pieces
  1018 | D:2      | 1018 ||| SHOPLISTING helmet (67 gold, have 47).
  1018 | D:2      | 1018 ||| BUYING potion of curing (45 gold).
  1018 | D:2      | Bought a potion of curing for 45 gold pieces
  1018 | D:2      | 1018 ||| SHOPLISTING scroll of teleportation (45 gold, have
                  | 2).
  1036 | D:2      | Found Jemai's Weapon Boutique.
  1111 | D:2      | Noticed Sigmund
  1114 | D:2      | 1114 ||| DRINKING 3 potions of curing.
  1114 | D:2      | 1114 ||| (to cure confusion)
  1123 | D:2      | HP: 2/20 [something (9)]
  1124 | D:2      | Killed from afar by Sigmund

Levels and vault maps discovered:
D:1:      nicolae_arrival_somewhat_less_tricky_arrival, layout_basic,
          dreamdust_ecumenical_altar_sealed_demon, minmay_circled_x
D:2:      layout_basic, serial_shops, nicolae_square_shop, shop,
          nicolae_shop_stone, shop, shop, uniq_sigmund, uniq_jessica

Skill      XL: |  1  2 |
---------------+-------+-----
Ranged Weapons | 6 |  6.8
Fighting       | |  1.5
Dodging        | |  2.4
Stealth        | |  1.2

Action                     || total
---------------------------++-------
   Fire: Shortbow          ||    91
    Use: Scroll            ||     4
         Potion            ||     2
 Armour: Leather armour    ||    11
  Dodge: Dodged            ||    13

Table legend:
 A = Non-vault XP
 B = Vault XP
 C = Vault XP percentage of total XP
 D = Non-vault monster count
 E = Vault monster count
 F = Vault count percentage of total count
                 A         B        C        D         E       F
            +---------+---------+-------+---------+---------+-------
      Total |      50 |       6 |  10.7 |      29 |       4 |  12.1
            +---------+---------+-------+---------+---------+-------
        D:1 |      46 |       6 |  11.5 |      26 |       4 |  13.3
        D:2 |       4 |       0 |   0.0 |       3 |       0 |   0.0
            +---------+---------+-------+---------+---------+-------
